 Dungeon Crawl Stone Soup version 0.18-a0-316-gf882de5 (webtiles) character file.

25005 zero the Severer (level 12, -13/157 (159) HPs)
             Began as a Minotaur Berserker on Nov 27, 2015.
             Was a High Priest of Trog.
             Mangled by a shock serpent (14 damage)
             ... on level 13 of the Dungeon.
             The game lasted 00:26:29 (12571 turns).

zero the Severer (Minotaur Berserker)              Turns: 12571, Time: 00:26:29

HP:   -13/157 (159) AC: 20    Str: 32    XL:     12   Next: 85%
MP:   14/14         EV: 11    Int:  4    God:    Trog [*****.]
Gold: 576           SH:  0    Dex: 14    Spells: 0 memorised, 11 levels left

rFire  . . .     SeeInvis .     S - +3 battleaxe (elec)
rCold  . . .     Clarity  .     d - +1 plate armour
rNeg   . . .     SustAt   .     (shield currently unavailable)
rPois  .         Gourm    +     (helmet restricted)
rElec  .         Spirit   .     J - +2 cloak {MR+}
rCorr  .         Warding  .     (no gloves)
rMut   .         Stasis   .     n - +2 pair of boots
MR     +....                    o - amulet of the gourmand
Stlth  ..........               F - +4 ring of dexterity
                                E - ring of flight

@: berserking, very quick, somewhat resistant to hostile enchantments, extremely
unstealthy
A: retaliatory headbutt, horns 2
a: Berserk, Trog's Hand, Brothers in Arms, Burn Spellbooks, Renounce Religion,
Evoke Flight


You were on level 13 of the Dungeon.
You worshipped Trog.
Trog was extremely pleased with you.
You were not hungry.

You visited 1 branch of the dungeon, and saw 13 of its levels.
You visited the Abyss 1 time.
You also visited: Labyrinth.

You collected 832 gold pieces.
You spent 256 gold pieces at shops.

Inventory:

Hand Weapons
 x - the +1 battleaxe "Joatam" {chop, MP+9 SInv}
   (You acquired it on level 7 of the Dungeon)

   It inflicts extra damage upon your enemies.
   It affects your magic capacity (+9).
   It lets you see invisible.
 M - the +6 rapier of the Spinneret {antimagic, +Inv +Fly rPois}
   (You found it on level 10 of the Dungeon)

   It disrupts the flow of magical energy around spellcasters and certain
   magical creatures (including the wielder).
   It protects you from poison.
   It lets you turn invisible.
   It lets you fly.
 P - a +4 scimitar of flaming
 S - a +3 battleaxe of electrocution (weapon)
Missiles
 k - a throwing net (quivered)
Armour
 d - a +1 plate armour (worn)
 n - a +2 pair of boots (worn)
 t - a +0 shield
 J - a +2 cloak of magic resistance (worn)
Jewellery
 a - an uncursed ring of protection from cold {unknown}
 g - an uncursed ring of teleportation
 o - an amulet of the gourmand (around neck)
 q - an uncursed ring of ice
 E - a ring of flight (left hand)
 F - a +4 ring of dexterity (right hand)
 N - a +6 ring of slaying {unknown}
 R - a cursed -2 ring of strength {unknown}
 X - the amulet of Vadunwi {rCorr Int+6, unknown}
   (You found it in a labyrinth)

   [amulet of resist corrosion]

   It protects you from acid and corrosion.
   It affects your intelligence (+6).
Wands
 b - a wand of invisibility (2)
 e - a wand of digging (12)
 f - a wand of polymorph (13)
 v - a wand of confusion (24)
 D - a wand of polymorph (10)
 L - a wand of fire (6)
 V - a wand of teleportation (3)
 W - a wand of random effects (31)
 Z - a wand of enslavement (13)
Scrolls
 m - 8 scrolls of identify
 p - 8 scrolls of teleportation
 u - 4 scrolls of remove curse
 y - 2 scrolls of fear
 B - a scroll of brand weapon {unknown}
 O - a scroll of vulnerability
 Q - a scroll of enchant weapon
 U - a scroll of fog
Potions
 h - 3 potions of cure mutation
 i - 3 potions of resistance
 j - 3 potions of haste
 r - 2 potions of brilliance
 s - 2 potions of agility
 A - 2 potions of mutation {unknown}
 C - 3 potions of curing {unknown}
 H - a potion of lignification {unknown}
 I - 3 potions of heal wounds {unknown}
 T - a potion of invisibility {unknown}
 Y - a potion of berserk rage {unknown}
Comestibles
 c - 11 bread rations
 l - 5 meat rations
 w - a royal jelly
 z - 16 fruits
 G - 3 beef jerkies
 K - 2 slices of pizza


   Skills:
 * Level 10.2 Fighting
 + Level 19.9 Axes
 + Level 6.8 Armour
 + Level 6.3 Dodging
 + Level 4.7 Evocations


You had 11 spell levels left.
You didn't know any spells.

Dungeon Overview and Level Annotations

Branches:
Dungeon (13/15)            Temple (0/1) D:7            Lair (0/8) D:10
    Orc (0/4) D:9          Vaults (0/5) D:13

Altars:
Ashenzari
Cheibriados
Dithmenos
Elyvilon
Fedhas
Kikubaaqudgha
Makhleb
Nemelex Xobeh
Ru
Sif Muna
Xom
Yredelemnul
Zin
The Shining One

Shops:
D:10 [   D:13 [*


Innate Abilities, Weirdness & Mutations

You reflexively headbutt those who attack you in melee.
You have a pair of horns on your head.


Message History

You slash the mana viper!
The mana viper is moderately wounded.
The shock serpent's electric aura discharges!
The lightning shocks you.
The shock serpent bites you but does no damage.
The mana viper barely misses you.
A red film seems to cover your vision as you go berserk!
You feel yourself moving faster!
You feel mighty!
The shock serpent shoots out a bolt of lightning at you!
The bolt of electricity hits you!
* * * LOW HITPOINT WARNING * * *
The bolt of electricity hits you!
* * * LOW HITPOINT WARNING * * *
The bolt of electricity hits the shock serpent.
The shock serpent completely resists.
The mana viper bites you but does no damage.
The shock serpent bites you!
* * * LOW HITPOINT WARNING * * *
The shock serpent shocks you!
You die...

..................
.#.#....#......#.#
#.'<...'..........
...######........##
### ####......# ..#
#. #.###.. ..#
#..#.# #.##### ..#
..#. #.#...# ###
.'.# #.@S∩.+
#.###.#S..#
#.....#####
#......# #..##..#
#..##..# #......#
#......# #......#


You could see a shock serpent and a mana viper.

Vanquished Creatures
  3 vault guards (D:13)
  A minotaur (Lab)
  Josephine (D:13)
  Erolcha (D:8)
  Erica (D:10)
  4 hill giants
  Pikel (D:7)
  2 ugly things (D:13)
  A naga mage (D:13)
  A centaur zombie (D:8)
  3 gargoyles (D:12)
  2 centaur skeletons
  A komodo dragon (D:10)
  A two-headed ogre (D:9)
  A freezing wraith (D:12)
  4 slime creatures (D:13)
  5 trolls
  16 yaks
  A water elemental (D:12)
  A spriggan (D:7)
  2 wyverns
  4 orc warriors
  4 wraiths (D:13)
  4 hungry ghosts
  A basilisk (D:13)
  A water moccasin (D:6)
  4 phantoms
  2 ice beasts
  An eye of draining (D:12)
  5 sky beasts
  A necrophage (D:8)
  A black bear (D:12)
  7 centaurs
  8 ogres
  12 giant frogs
  A crocodile (D:12)
  2 gnoll sergeants
  A wyvern skeleton (D:13)
  2 water moccasin skeletons
  3 scorpions
  31 killer bees
  5 wights (D:8)
  An electric eel (D:12)
  A giant frog zombie (D:12)
  6 hounds
  13 orc wizards
  A quasit (D:7)
  6 crimson imps
  8 orc priests
  3 giant frog skeletons
  4 iguanas
  A jelly (D:6)
  Jessica (D:2)
  12 worker ants
  A killer bee zombie (D:6)
  A hound zombie (D:9)
  2 hound skeletons
  16 gnolls
  A river rat (D:3)
  16 adders
  3 shadow imps
  An ooze (D:2)
  An adder skeleton (D:8)
  A worm (D:2)
  4 giant geckos
  46 orcs
  A ball python (D:1)
  10 bats
  8 giant cockroaches
  8 goblins
  8 hobgoblins
  13 jackals
  7 kobolds
  8 quokkas
  A giant newt (D:1)
  A jackal zombie (D:7)
  A quokka zombie (D:8)
  9 rats
  A plant (D:12)
  2 toadstools (D:1)
381 creatures vanquished.

Vanquished Creatures (others)
  A slave (D:7)
  An orc priest (D:7)
  An orc (D:7)
  2 toadstools (D:1)
5 creatures vanquished.

Grand Total: 386 creatures vanquished

Notes
Turn   | Place    | Note
--------------------------------------------------------------
     0 | D:1      | zero the Minotaur Berserker began the quest for the Orb.
     0 | D:1      | Reached XP level 1. HP: 19/19 MP: 0/0
   168 | D:1      | Reached skill level 4 in Axes
   203 | D:1      | Reached XP level 2. HP: 23/26 MP: 1/1
   594 | D:2      | Reached skill level 5 in Axes
   594 | D:2      | Reached XP level 3. HP: 17/31 MP: 2/2
   785 | D:2      | Reached ** piety under Trog
   898 | D:2      | Noticed Jessica
   905 | D:2      | Killed Jessica
   905 | D:2      | Reached XP level 4. HP: 31/39 MP: 3/3
  1038 | D:2      | Reached skill level 6 in Axes
  1284 | D:2      | Reached XP level 5. HP: 43/45 MP: 4/4
  1343 | D:2      | Reached skill level 7 in Axes
  1703 | D:3      | Found a glowing silver altar of Zin.
  1734 | D:3      | Reached *** piety under Trog
  1969 | D:3      | Found a glowing drain.
  2258 | D:3      | Reached skill level 8 in Axes
  2298 | D:4      | Noticed an ogre
  2301 | D:4      | Killed an ogre
  2301 | D:4      | Reached XP level 6. HP: 35/51 MP: 5/5
  2482 | D:4      | Reached skill level 9 in Axes
  2534 | D:4      | Reached XP level 7. HP: 54/57 MP: 6/6
  2552 | D:4      | Found a shadowy altar of Dithmenos.
  2586 | D:4      | Reached skill level 10 in Axes
  2742 | D:4      | Found a shattered altar of Ashenzari.
  2943 | D:5      | Entered Level 5 of the Dungeon
  3146 | D:5      | Found a sparkling altar of Nemelex Xobeh.
  3146 | D:5      | Found a snail-covered altar of Cheibriados.
  3483 | D:5      | Reached **** piety under Trog
  3544 | D:5      | Reached skill level 11 in Axes
  3929 | D:6      | Reached XP level 8. HP: 53/64 MP: 7/7
  4033 | D:6      | Reached skill level 12 in Axes
  4139 | D:6      | Found a blossoming altar of Fedhas.
  4212 | D:6      | Found an ancient bone altar of Kikubaaqudgha.
  4213 | D:6      | Found a basalt altar of Yredelemnul.
  4214 | D:6      | Found a deep blue altar of Sif Muna.
  4587 | D:6      | Reached skill level 13 in Axes
  4935 | D:7      | Noticed Pikel
  4944 | D:7      | Killed Pikel
  4944 | D:7      | Reached skill level 14 in Axes
  4944 | D:7      | Reached XP level 9. HP: 70/70 MP: 8/8
  5080 | D:7      | Found a staircase to the Ecumenical Temple.
  5459 | D:7      | Reached ***** piety under Trog
  5571 | D:7      | Found a shimmering altar of Xom.
  5572 | D:7      | Found a burning altar of Makhleb.
  5586 | D:7      | Identified a scroll of acquirement
  5587 | D:7      | Got a pitted battleaxe
  5593 | D:7      | Identified the +1 battleaxe "Joatam" {chop, MP+9 SInv} (You acquired it on level 7 of the Dungeon)
  5603 | D:7      | Found a sacrificial altar of Ru.
  5697 | D:7      | Reached skill level 15 in Axes
  5802 | D:8      | Noticed Erolcha
  5816 | D:8      | Killed Erolcha
  5931 | D:8      | Reached skill level 16 in Axes
  6050 | D:8      | Reached XP level 10. HP: 53/76 MP: 9/9
  6163 | D:8      | Found a white marble altar of Elyvilon.
  6469 | D:8      | Reached skill level 17 in Axes
  6781 | D:8      | Cast into level 1 of the Abyss (orc)
  6790 | D:8      | Escaped the Abyss
  7034 | D:8      | Received a gift from Trog
  7192 | D:9      | Found a glowing golden altar of the Shining One.
  7210 | D:9      | Reached skill level 18 in Axes
  7233 | D:9      | Found a staircase to the Orcish Mines.
  7568 | D:9      | Reached XP level 11. HP: 51/81 MP: 10/10
  7793 | D:9      | Reached skill level 19 in Axes
  8096 | D:10     | Entered Level 10 of the Dungeon
  8117 | D:10     | Found Elu Ojua's Antique Armour Shop.
  8123 | D:10     | Bought a runed cloak for 139 gold pieces
  8144 | D:10     | Reached skill level 1 in Evocations
  8163 | D:10     | Found a staircase to the Lair.
  8249 | D:10     | Got a transparent rapier
  8250 | D:10     | Identified the +6 rapier of the Spinneret {antimagic, +Inv +Fly rPois} (You found it on level 10 of the Dungeon)
  8476 | D:10     | Noticed Erica
  8486 | D:10     | Killed Erica
  8486 | D:10     | Reached skill level 5 in Fighting
  9145 | D:11     | Noticed a hill giant
  9150 | D:11     | Killed a hill giant
  9490 | D:12     | Received a gift from Trog
  9793 | D:12     | Noticed a hill giant
  9801 | D:12     | Killed a hill giant
 10146 | D:12     | Reached skill level 5 in Armour
 10146 | D:12     | Reached XP level 12. HP: 37/99 MP: 13/13
 11052 | D:13     | Found a labyrinth entrance.
 11098 | D:13     | Found Jogyif's Antique Armour Emporium.
 11101 | D:13     | Bought a pair of boots for 117 gold pieces
 11129 | Lab      | Entered a labyrinth
 11518 | Lab      | Noticed a minotaur
 11525 | Lab      | Killed a minotaur
 11531 | Lab      | Got a vibrating iron amulet
 11531 | Lab      | Identified the Compendium of the Wild Haggis
 11614 | D:13     | Reached skill level 5 in Dodging
 11985 | D:13     | Noticed a vault guard
 11995 | D:13     | Killed a vault guard
 12033 | D:13     | Noticed a vault guard
 12043 | D:13     | Noticed a vault guard
 12047 | D:13     | Killed a vault guard
 12056 | D:13     | Killed a vault guard
 12112 | D:13     | Found a gate to the Vaults.
 12312 | D:13     | Noticed Josephine
 12317 | D:13     | Killed Josephine
 12317 | D:13     | Reached skill level 10 in Fighting
 12566 | D:13     | Found Iruiklai's Serpentskin Sales.
 12571 | D:13     | HP: 1/157 [shock serpent (8)]
 12571 | D:13     | Mangled by a shock serpent

Vault maps used:
D:1:      ldierk_water_garden
D:2:      first_bread, serial_forest, infiniplex_forest_lined_2,
          infiniplex_forest_zigzag_1, infiniplex_forest_zigzag_1,
          infiniplex_forest_clump_double, infiniplex_forest_end_2,
          infiniplex_forest_lined_4_way, st_stairs_1, uniq_jessica
D:3:      lemuel_crystal_altar, portal_sewer_entry_e
D:4:      nicolae_ashenzari_panopticon, kennysheep_little_box
D:5:      nemelex_xobeh_ov_fountains_minmay, overflow_temple_1_default
D:6:      grunt_temple_overflow_open, fedhas_altar_1
D:7:      grunt_temple_overflow_champion_of_chaos, minmay_temple_entry_glass,
          the_bakery, st_stairs_7, grunt_ministairs_6, kennysheep_crisscross,
          nicolae_ru_the_path_less_chosen, uniq_pikel
D:8:      kennysheep_spiral_hall, elyvilon_altar_5, dk_vineyard_1, uniq_erolcha
D:9:      orc_0_dummy, basic_altar, grunt_ministairs_9
D:10:     lair_0_dummy, serial_shops, nicolae_shop_stone, uniq_erica
D:12:     serial_bayou, serial_bayou_pond_e, serial_bayou_shore_b,
          serial_bayou_ford_a, serial_bayou_pond_c
D:13:     lightli_vaults_fourway_checkpoint, serial_shops, kennysheep_mini,
          lab_entry_generic, guppyfry_shop_venom, uniq_josephine
Lab:      labyrinth_mini_lab, nicolae_lab_garden, nicolae_lab_blocks,
          nicolae_lab_stuck, nicolae_lab_big_swirl

Action                   |  1- 3 |  4- 6 |  7- 9 | 10-12 || total
-------------------------+-------+-------+-------+-------++-------
Melee: Hand axe          |    55 |   181 |   314 |       ||   550
       Battleaxe         |       |       |    46 |   500 ||   546
Invok: Berserk           |       |     3 |     5 |     9 ||    17
       Trog's Hand       |       |       |     1 |     2 ||     3
       Burn Spellbooks   |       |       |       |     4 ||     4
Evoke: Wand              |       |       |     1 |     4 ||     5
  Use: Scroll            |       |     5 |    10 |    10 ||    25
  Eat: Meat ration       |       |     1 |       |       ||     1
       Chunk             |       |     6 |    24 |    50 ||    80
       Pizza             |       |     1 |       |     1 ||     2
